 Dungeon Crawl Stone Soup version 0.28-a0-203-gf40de95187 (webtiles) character file.

Game seed: 12277485540369612707

116 Arne the Gusty (level 5, -1/28 HPs)
             Began as a Tengu Air Elementalist on Aug 20, 2021.
             Shot with a stone by a goblin (6 damage)
             ... led by Robin
             ... on level 3 of the Dungeon.
             The game lasted 00:14:50 (1120 turns).

Arne the Gusty (Tengu Air Elementalist)             Turns: 1120, Time: 00:14:50

Health: -1/28      AC:  2    Str:  8    XL:     5   Next: 0%
Magic:  2/9        EV: 15    Int: 16    God:
Gold:   105        SH:  0    Dex: 15    Spells: 8/9 levels left

rFire   . . .      SeeInvis .   k - +2 short sword (speed)
rCold   . . .      Faith    .   (no shield)
rNeg    . . .      Spirit   .   a - +0 robe
rPois   .          Reflect  .   (helmet restricted)
rElec   .          Harm     .   (no cloak)
rCorr   .          Rampage  .   (no gloves)
Will    .....                   (boots unavailable)
Stlth   ++........              (no amulet)
HPRegen 0.09/turn               (no ring)
MPRegen 0.11/turn               (no ring)

@: flying quickly and evasively, quick
A: beak, talons 3, nimble flight
a: no special abilities


You were on level 3 of the Dungeon.
You visited 1 branch of the dungeon, and saw 3 of its levels.

You collected 105 gold pieces.

Inventory:

Hand Weapons
 d - a +0 dagger
 e - a +0 short sword
 k - a +2 short sword of speed (weapon)
Armour
 a - a +0 robe (worn)
Scrolls
 b - a scroll of summoning
 c - 2 scrolls of torment
 i - a scroll of fear {unknown}
 j - a scroll of magic mapping {unknown}
Potions
 f - a potion of haste
 g - a potion of magic {unknown}


   Skills:
 + Level 0.2 Fighting
 + Level 1.0 Short Blades
 * Level 3.1 Dodging
 + Level 2.5 Stealth
 + Level 2.6 Spellcasting
 + Level 2.3 Conjurations
 + Level 5.2 Air Magic


You had 8 spell levels left.
You knew the following spells:

 Your Spells              Type           Power      Damage    Failure   Level
a - Shock                 Conj/Air       56%        1d6       4%          1

Your spell library contained the following spells:

 Spells                   Type           Power      Damage    Failure   Level
 Static Discharge         Conj/Air       14%        N/A       6%          2
 Swiftness                Air            18%        N/A       7%          3
 Airstrike                Air            9%         N/A       22%         4
 Inner Flame              Hex/Fire       2%         N/A       52%         3
 Cause Fear               Hex            1%         N/A       89%         4
 Discord                  Hex            1%         N/A       100%        8


Dungeon Overview and Level Annotations

Branches:
Dungeon (3/15)

Altars:
Xom

Annotations:
D:3 Robin


Innate Abilities, Weirdness & Mutations

You have a beak for a mouth.
You have claws for feet.
Your magical nature lets you fly swiftly and evasively.


Message History

Casting: Shock (safe; 4% risk of failure)
Confirm with . or Enter, or press ? or * to list all spells.
Aiming: Shock (safe; 4% risk of failure)
Press: ? - help, Shift-Dir - straight line, f - goblin
Aim: a goblin, wielding a +0 dagger (64% to hit)
The zap hits the goblin.
The goblin is heavily wounded.
The zap misses the goblin.
The zap hits the goblin.
You kill the goblin!
The zap hits the goblin.
The goblin is moderately wounded.
Robin of the Strong Arm comes into view.
They are wielding a +0 club.
Casting: Shock (safe; 4% risk of failure)
Confirm with . or Enter, or press ? or * to list all spells.
Aiming: Shock (safe; 4% risk of failure)
Press: ? - help, Shift-Dir - straight line, f/p - goblin
Aim: a goblin, wielding a +0 dagger (heavily wounded, 64% to hit)
The zap hits the goblin.
You kill the goblin!
The zap hits the goblin.
The goblin is moderately wounded.
The zap hits the goblin.
You kill the goblin!
The zap misses Robin.
Robin shouts!
You hear a shout! x2
The goblin unwields a +0 club.
The goblin wields a +0 hunting sling.
The goblin shoots a stone.
The stone hits you.
* * * LOW HITPOINT WARNING * * *
Robin roars a battlecry!
The goblin goes into a battle-frenzy!
You have reached level 5!
Your magical nature develops, letting you fly swiftly and evasively.
Press: ? - help, v - describe, . - travel
Here: Robin, wielding a +0 club, wearing a +0 animal skin and wearing a +0 helmet The floor.
The goblin shoots a stone.
The stone hits you.
* * * LOW HITPOINT WARNING * * *
There is a stone staircase leading up here.
The goblin shoots a stone.
The stone hits you.
You die...

#.. # ##.####.#
##.....#.##
####..........
........[.#
##.##.......###
.g)..g.........
##.###..)..####
#.@...# #######


You could see a goblin (strong).

Vanquished Creatures
  Jessica (D:3)
  4 adders (D:2)
  A dart slug (D:2)
  2 endoplasms (D:1)
  5 giant cockroaches
  7 goblins
  2 hobgoblins
  2 jackals (D:2)
  7 kobolds
  7 ball pythons
  8 bats
  3 frilled lizards (D:2)
  A rat (D:2)
50 creatures vanquished.

Notes
Turn   | Place    | Note
-------+----------+-------------------------------------------
     0 | D:1      | Arne the Tengu Air Elementalist began the quest for the
                  | Orb.
     0 | D:1      | Reached XP level 1. HP: 10/10 MP: 4/4
   109 | D:1      | Reached XP level 2. HP: 15/15 MP: 0/6
   507 | D:2      | Reached XP level 3. HP: 19/19 MP: 4/7
   561 | D:2      | Found a faded altar of an unknown god.
   789 | D:2      | Found a shimmering altar of Xom.
   826 | D:2      | Reached skill level 5 in Air Magic
   838 | D:2      | Reached XP level 4. HP: 14/24 MP: 1/8
  1108 | D:3      | Noticed Jessica
  1114 | D:3      | Killed Jessica
  1115 | D:3      | Reached skill level 1 in Short Blades
  1116 | D:3      | Noticed Robin
  1118 | D:3      | Gained mutation: Your magical nature lets you fly swiftly
                  | and evasively. [Tengu growth]
  1118 | D:3      | Reached XP level 5. HP: 6/28 MP: 2/9
  1120 | D:3      | Shot with a stone by a goblin

Illustrated notes

Levels and vault maps discovered:
D:1:      minmay_arrival_wavy_path, layout_rooms
D:2:      wad_crossroads, layout_basic, basic_ecumenical_altar, basic_altar
D:3:      layout_rooms, uniq_terence, uniq_jessica, uniq_sigmund, uniq_robin

Skill      XL: |  1  2  3  4 |
---------------+-------------+-----
Air Magic      | 5 |  5.2
Conjurations   | 2 |  2.3
Dodging        | 3 |  3.1
Short Blades   | 1 |  1.0
Fighting       | |  0.2
Stealth        | |  2.5
Spellcasting   | |  2.6

Action                   |  1- 3 |  4- 6 || total
-------------------------+-------+-------++-------
Melee: Unarmed           |     8 |       ||     8
       Peck              |     7 |       ||     7
       Short sword       |    40 |    10 ||    50
       Kick              |     9 |     2 ||    11
 Cast: Shock             |    42 |    11 ||    53
  Use: Scroll            |     5 |       ||     5
 Stab: Sleeping          |     1 |     2 ||     3
Armor: Robe              |     7 |     1 ||     8
Dodge: Dodged            |    44 |     7 ||    51

Table legend: (Time is in decaauts)
 A = Elapsed time spent in this place.
 B = Non-inter-level travel time spent in this place.
 C = Inter-level travel time spent in this place.
 D = Time resting spent in this place.
 E = Time spent auto-exploring this place.
 F = Levels seen in this place.
 G = Mean time per level.
                   A        B        C        D        E       F      G
               +--------+--------+--------+--------+--------+-----+--------+
         Total |   1107 |   1107 |      0 |     90 |     32 |   3 |  369.0 |
       Dungeon |   1107 |   1107 |      0 |     90 |     32 |   3 |  369.0 |
               +--------+--------+--------+--------+--------+-----+--------+

Top non-repeatable levels by time:
     D:2: 625 daAuts
     D:1: 471 daAuts
     D:3: 11 daAuts
